[Event "44th Chess Olympiad Women 2022"]
[Site "Chennai"]
[Date "2022.08.09"]
[Round "11.29"]
[White "Popovic, Mateja"]
[Black "Hapala, Elisabeth"]
[Result "1/2-1/2"]
[ECO "E16"]
[WhiteElo "1634"]
[BlackElo "2113"]
[Annotator "NA RC"]
[PlyCount "73"]
[EventDate "2022.07.29"]
[EventType "team-tourn"]
[EventCountry "IND"]
[SourceTitle "playchess.com"]
[Source "ChessBase"]
[SourceQuality "1"]
[WhiteTeam "Montenegro"]
[BlackTeam "Austria"]
[WhiteTeamCountry "MNE"]
[BlackTeamCountry "AUT"]
[TimeControl "40/5400+30:1800+30"]

1. d4 Nf6 2. c4 e6 3. g3 Bb4+ 4. Bd2 a5 5. Bg2 O-O 6. Nf3 b6 7. O-O Bb7 8. b3 Qc8 9. a3 Bxd2 10. Nbxd2 d6 11. Qc2 Nbd7 12. e4 e5 13. d5 c6 14. Rfc1 Qb8 15. dxc6 Bxc6 16. Ne1 Nc5 17. b4 axb4 18. axb4 Ne6 19. b5 Bb7 20. Nb3 Qc7 21. f3 Rfc8 22. Rxa8 Rxa8 23. Nd3 Nd7 24. Bh3 Ndc5 25. Bxe6 Nxe6 26. Nb4 Nc5 27. Nd5 Bxd5 28. cxd5 Ra3 29. Qb2 Ra4 30. Nxc5 dxc5 31. Ra1 Rxa1+ 32. Qxa1 Kf8 33. Qa8+ Ke7 34. Qc6 Qd6 35. Kf2 h6 36. h4 Qxc6 37. dxc6 1/2-1/2

[Event "44th Chess Olympiad Women 2022"]
[Site "Chennai"]
[Date "2022.08.09"]
[Round "11.30"]
[White "Okuyaz, Duru"]
[Black "Samaganova, Alexandra"]
[Result "1-0"]
[ECO "B41"]
[WhiteElo "2090"]
[BlackElo "1864"]
[Annotator "NA RC"]
[PlyCount "87"]
[EventDate "2022.07.29"]
[EventType "team-tourn"]
[EventCountry "IND"]
[SourceTitle "playchess.com"]
[Source "ChessBase"]
[SourceQuality "1"]
[WhiteTeam "Turkey"]
[BlackTeam "Kyrgyzstan"]
[WhiteTeamCountry "TUR"]
[BlackTeamCountry "KGZ"]
[TimeControl "40/5400+30:1800+30"]

1. e4 c5 2. Nf3 e6 3. d4 cxd4 4. Nxd4 a6 5. c4 Qc7 6. Nc3 Nf6 7. Be2 b6 8. O-O Bb7 9. Qd3 d6 10. f4 Nbd7 11. Qe3 Be7 12. Bd2 Rc8 13. Rac1 Qb8 14. b4 O-O 15. h3 Rfe8 16. g4 d5 17. e5 Ne4 18. Nxe4 dxe4 19. g5 Nf8 20. h4 Red8 21. h5 Rd7 22. Bc3 Rcd8 23. a3 a5 24. f5 axb4 25. axb4 exf5 26. Nxf5 Ne6 27. Nxe7+ Rxe7 28. Qxb6 Nxg5 29. Rcd1 Rde8 30. Qe3 h6 31. Rd6 Qc8 32. Kh2 Qb8 33. c5 Bc8 34. b5 Be6 35. b6 Rc8 36. c6 Nf3+ 37. Bxf3 exf3 38. b7 Rce8 39. Qxf3 Qa7 40. Bd4 Qa2+ 41. Rf2 Qa4 42. Rg2 Qb5 43. Qg3 f5 44. Rxe6 1-0

[Event "44th Chess Olympiad Women 2022"]
[Site "Chennai"]
[Date "2022.08.09"]
[Round "11.30"]
[White "Kocyigit, Buse Naz"]
[Black "Sovetbekova, Nurai"]
[Result "1-0"]
[ECO "D00"]
[WhiteElo "1991"]
[BlackElo "1693"]
[Annotator "TA"]
[PlyCount "211"]
[EventDate "2022.07.29"]
[EventType "team-tourn"]
[EventCountry "IND"]
[SourceTitle "playchess.com"]
[Source "ChessBase"]
[SourceQuality "1"]
[WhiteTeam "Turkey"]
[BlackTeam "Kyrgyzstan"]
[WhiteTeamCountry "TUR"]
[BlackTeamCountry "KGZ"]
[TimeControl "40/5400+30:1800+30"]

1. d4 Nf6 2. Bg5 g6 3. Bxf6 exf6 4. e3 d5 5. g3 h5 6. h4 {[%emt 0:00:55] D00: 1 d4 d5: Unusual lines.} (6. c4 {feels hotter.} Bb4+ 7. Nd2 Bg4 8. f3) 6... Bd6 7. Bg2 c6 8. Nd2 {[%emt 0:06:33] [#] The position is equal.} O-O $146 ({Predecessor:} 8... Be6 9. Ne2 Nd7 10. b3 Nb6 11. a4 a5 12. Rc1 Kf8 13. Kf1 Qd7 14. c4 Bb4 15. cxd5 cxd5 {1-0 (59) Flom,G (2493)-Bosiocic,M (2611) Batumi 2018}) 9. Ne2 Be6 10. O-O Nd7 11. b3 f5 12. c4 Nf6 13. c5 Bc7 14. Nf3 Ne4 15. Nf4 Kg7 16. Qd3 Rh8 (16... Qe7 $11) 17. b4 (17. Nxe6+ $14 fxe6 18. b4) 17... Bd7 $11 18. a4 f6 19. Rfd1 g5 20. Ne2 Qe8 21. Qb3 (21. a5 $11) 21... Qg6 $17 22. b5 Rab8 ({Better is} 22... Rae8 $1 $15) 23. a5 $1 $14 a6 24. b6 Bd8 25. hxg5 {[%emt 0:07:38] White is more active.} fxg5 26. Ne5 Qe6 27. f3 Nf6 (27... Nxc5 $2 28. Qc3 $18) 28. Bh3 (28. Qc2 $14) 28... Qe8 (28... h4 $15) 29. Nxd7 Qxd7 30. e4 (30. Rf1 $1 $11) 30... g4 $1 $17 31. e5 Nh7 (31... gxh3 $17 32. exf6+ Bxf6) 32. fxg4 (32. Bg2 $11) 32... hxg4 $15 (32... Ng5 33. Bg2 $11) 33. Bg2 Ng5 {[%emt 0:00:46] Black wants to play ...Ne6.} 34. Nf4 Be7 35. Qd3 Rbf8 36. Rf1 Ne6 37. Ne2 $2 (37. Qd2 $11 {and White stays safe.}) 37... Bg5 $19 38. Rae1 $2 (38. Rxf5 $2 Rxf5 39. Qxf5 Be3+ 40. Kf1 Rf8 41. Qxf8+ Nxf8 $19) (38. Rf4) 38... Qf7 39. Nf4 Bxf4 40. gxf4 (40. Rxf4 $142 Nxf4 41. gxf4) 40... Qh5 41. Qg3 {[%emt 0:02:30] Against Qh2+} Qh6 (41... Nxd4 $2 42. e6 $19) 42. Rd1 Kf7 43. Rd2 Re8 44. Rff2 Ng7 45. Rde2 Ne6 46. Rd2 Rh7 47. Kf1 Reh8 48. Ke1 Qg6 49. Kd1 Rh4 50. Kc2 R8h5 51. Bf1 Qg8 52. Kb2 Qh8 53. Ka2 Rh6 54. Qd3 Ng7 55. Rfe2 Ke6 (55... Rh2 $142 56. Bg2 (56. e6+ $2 Ke7 $19) 56... Ke7) 56. Qb3 Rh2 (56... Ke7 $142 $1 57. Qe3 Ne6) 57. Bg2 (57. Rf2 $142) 57... R2h4 $2 {[%emt 0:01:19][%mdl 8192] [#]} (57... Ke7 $1 $17 {and life is bright.} 58. Qc2 (58. Bxd5 Rxe2 59. Rxe2 cxd5 $17) 58... Qh7) 58. Rc2 $2 {[%emt 0:00:24] [#]} (58. Bxd5+ $1 $18 cxd5 59. c6) 58... Qd8 $1 $17 59. Red2 Nh5 60. Bf1 $2 (60. Qe3 $17 {was forced.}) 60... Rh7 (60... Nxf4 $19 {is more deadly. ...Rh1 is the strong threat.} 61. Rd1 Rh2) 61. Rh2 $2 {[%emt 0:01:19] Against Rh1} (61. Rg2 $17 {was worth a try.}) 61... Nxf4 $19 62. Rhf2 Nh3 63. Rh2 Ng5 64. Rxh4 Rxh4 65. Bxa6 Qa8 $2 ({Black should play} 65... bxa6 $19 66. Rb2 Ne4) 66. Bxb7 $1 $11 Qxb7 $4 (66... Qxa5+ $11 67. Qa3 Qxa3+ 68. Kxa3 Kd7) 67. Qd3 $2 ({White has to play} 67. Qa4 $18 {Strongly threatening a6.} Qa6 68. Qxc6+ Kf7 69. Qc7+ Kg6 70. b7) 67... Rh8 68. a6 Ra8 $1 69. a7 {[%emt 0:00:01] And now Rh2 would win.} Nf3 {[%emt 0:00:35] Inhibits Rh2.} 70. Rc1 Rh8 {[%emt 0:00:27][%cal Of3d4] Against Rh1} 71. Qa3 Nxd4 $2 {[%emt 0:00:27][%mdl 8192] [#]} (71... Rh2+ $11 72. Ka1 Rh8) 72. Rh1 $3 $18 Rxh1 (72... Ra8 73. Rh6+) 73. a8=Q {[%emt 0:00:11] Qe8+ would kill now.} Rh2+ 74. Kb1 Rh1+ 75. Kb2 {[%emt 0:00:19] Intending Qe8+ and mate.} Rh2+ 76. Kc1 (76. Kc3 Nb5+ 77. Kb3 Rh3+ 78. Kb2 Rh2+ 79. Kc1 Rh1+ 80. Kd2 Rh2+ 81. Kd1 Rh1+ 82. Ke2 Nd4+ 83. Ke3 Nc2+ 84. Kd3 Nxa3) 76... Rh1+ 77. Kd2 {[%emt 0:00:34] White wants to mate with Qe8+.} Nf3+ 78. Kc2 Rh2+ 79. Kd1 $2 (79. Kc3 $18 d4+ 80. Kb3) 79... Rh1+ $11 80. Ke2 $2 (80. Kc2 $11 Nd4+ 81. Kd2 Qxa8 82. Qxa8 Kxe5 83. Qe8+ Ne6 84. b7) 80... Rh2+ $18 81. Kd1 {[%emt 0:00:39] Threatening mate with Qe8+. Really sharp!} Rh1+ 82. Kc2 {[%emt 0:00:02] White threatens Qe8+ and mate.} Rh2+ $1 83. Kb3 Nd4+ 84. Kc3 Nb5+ {[%emt 0:00:23] [#]} 85. Kd3 $1 Rh3+ 86. Kd2 {[%emt 0:00:14] Threatens to win with Qe8+.} Rh2+ (86... Nxa3 87. Qxb7 Nc4+ 88. Ke2 Rh2+ 89. Ke1 Rh1+ 90. Kf2) 87. Ke1 Rh1+ 88. Ke2 {[%emt 0:00:54] Hoping for Qe8+.} Nd4+ 89. Kd2 $2 (89. Ke3 $18 Nc2+ 90. Kd3 Nxa3 91. Qxb7 Rh3+ 92. Ke2 Kxe5 93. Qxc6 Rh2+ 94. Kf1) 89... Nb3+ $2 90. Kc3 Rh3+ 91. Kb4 Nd4 92. Qe8+ (92. Qxb7 $2 Nc2+ 93. Ka5 Rxa3#) 92... Qe7 93. Qxe7+ {[%emt 0:00:18][%mdl 64] Remove Defender} (93. Qaa8 $2 {gets mated.} Nc2+ 94. Ka5 Ra3#) 93... Kxe7 {[%emt 0:00:01][%mdl 4096] Endgame KQ-KRN} 94. Qa7+ Ke6 95. Qa2 {[%emt 0:00:38] aiming for b7.} Rh7 96. Ka5 g3 97. Qb2 Nb5 (97... Kxe5 $142 98. b7 Rxb7 99. Qxb7 Kf4) 98. Ka6 Rh2 99. Qa1 Rh8 100. b7 f4 101. Qf1 Rf8 102. Qf3 $2 (102. Qh3+ Kxe5 103. Qd7) 102... Nc7+ $2 (102... Kxe5 $2 103. Qh5+ Ke4 104. Qh6 $18) (102... Nd4 $18 103. Qg4+ Nf5 104. Qxf4 Rg8) 103. Kb6 {[%emt 0:00:19] White mates.} Nb5 104. Qg4+ Ke7 105. Qg7+ Rf7 106. Qg5+ {[%emt 0:00:05] What a bad dream for Black.  Weighted Error Value: White=0.40/Black=0.39} 1-0

[Event "44th Chess Olympiad Women 2022"]
[Site "Chennai"]
[Date "2022.08.09"]
[Round "11.30"]
[White "Zairbek kyzy, Begimai"]
[Black "Aydin, Gulenay"]
[Result "0-1"]
[ECO "B11"]
[WhiteElo "1949"]
[BlackElo "2100"]
[Annotator "RC"]
[PlyCount "158"]
[EventDate "2022.07.29"]
[EventType "team-tourn"]
[EventCountry "IND"]
[SourceTitle "playchess.com"]
[Source "ChessBase"]
[SourceQuality "1"]
[WhiteTeam "Kyrgyzstan"]
[BlackTeam "Turkey"]
[WhiteTeamCountry "KGZ"]
[BlackTeamCountry "TUR"]
[TimeControl "40/5400+30:1800+30"]

1. e4 c6 2. Nc3 d5 3. d3 dxe4 4. Nxe4 Nf6 5. Be3 Nbd7 6. Ne2 g6 7. Qd2 Bg7 8. c3 O-O 9. h3 Nxe4 10. dxe4 Nf6 11. Ng3 Qxd2+ 12. Kxd2 h5 13. Bd3 e5 14. Kc2 Be6 15. a4 Kh7 16. a5 Rfd8 17. Rhd1 Bh6 18. Nf1 Nd7 19. f3 Bxe3 20. Nxe3 Kg7 21. b4 h4 22. Rd2 Kf6 23. c4 c5 24. b5 Ke7 25. Kc3 Nf6 26. f4 exf4 27. Nd5+ Bxd5 28. cxd5 Kd6 29. b6 a6 30. Ra4 g5 31. Re2 Nd7 32. Rc2 Ne5 33. Rd2 f6 34. Be2 Rh8 35. Ra1 Rae8 36. Rb1 Reg8 37. Rf1 Rh7 38. Bd1 Rc8 39. Ba4 Re7 40. Rfd1 Nf7 41. Bc2 Ne5 42. Ba4 Rg7 43. Rf1 Rf8 44. Bd1 Rh7 45. Bc2 Rc8 46. Ba4 Re7 47. Rfd1 Nd7 48. Bc2 Rce8 49. Kb2 Re5 50. Rc1 Rc8 51. Kc3 Rce8 52. Kb2 Rc8 53. Kc3 Rce8 54. Kb2 Rc8 55. Bb1 Re7 56. Kc3 Rce8 57. Kb2 Ne5 58. Kc3 Rc8 59. Bc2 Rg8 60. Rf1 Rge8 61. Ba4 Nd7 62. Bc2 Rc8 63. Rfd1 Rg8 64. Rf1 Rc8 65. Rfd1 c4 66. Rd4 Ne5 67. Ra1 Rc5 68. Bd1 Re8 69. Be2 Rec8 70. Ra4 Rb5 71. Ra3 Rcc5 72. Bxc4 Rc8 73. Ra2 Rbc5 74. Ra4 Rxc4+ 75. Rdxc4 Rxc4+ 76. Rxc4 Nxc4 77. Kxc4 g4 78. Kd4 f3 79. gxf3 gxh3 0-1

[Event "44th Chess Olympiad Women 2022"]
[Site "Chennai"]
[Date "2022.08.09"]
[Round "11.30"]
[White "Abaeva, Aiana"]
[Black "Onur, Cigdem"]
[Result "1-0"]
[ECO "B41"]
[WhiteElo "1595"]
[BlackElo "2000"]
[Annotator "TA"]
[PlyCount "83"]
[EventDate "2022.07.29"]
[EventType "team-tourn"]
[EventCountry "IND"]
[SourceTitle "playchess.com"]
[Source "ChessBase"]
[SourceQuality "1"]
[WhiteTeam "Kyrgyzstan"]
[BlackTeam "Turkey"]
[WhiteTeamCountry "KGZ"]
[BlackTeamCountry "TUR"]
[TimeControl "40/5400+30:1800+30"]

1. e4 c5 2. Nf3 e6 3. d4 cxd4 4. Nxd4 a6 5. c4 Nf6 6. Bd3 Nc6 7. Bc2 {[%emt 0:21:09] B41: Sicilian: Kan Variation: 5 c4.} Qc7 8. O-O {[%emt 0:04:09] [#]} Nxd4 $146 ({Predecessor:} 8... Nb4 9. Nd2 Nxc2 10. Qxc2 Be7 11. f4 d6 12. Qd3 O-O 13. Kh1 e5 14. Nf5 Bxf5 15. exf5 Rad8 {0-1 (56) Demidowicz,M (1961)-Kozak,M (2205) Szklarska Poreba 2006}) 9. Qxd4 {[%emt 0:00:09] The position is equal.} Ng4 {[%emt 0:09:00][%csl Gg4][%cal Rc7h2] Against e5} 10. g3 h5 {[%emt 0:04:29] next ...h4 is good for Black.} 11. h4 (11. Bd1 $11) 11... Bc5 12. Qc3 Qb6 $40 {[%emt 0:08:53][%cal Rc5f2][%mdl 128] Black has some attack.} 13. Qxg7 (13. Kg2 $11 {remains equal.}) 13... Bd4 $17 14. Qg5 Bxb2 $2 ({Black should try} 14... Bxf2+ $17 15. Kh1 Bxg3) 15. c5 $11 Qb4 16. Bxb2 Qxb2 17. Nd2 $1 Qxc2 18. Rac1 $1 Qb2 ({But not} 18... Qxa2 19. f3 Nf6 20. Qxf6 $18) 19. Nc4 {[%emt 0:00:15] Against Ne5} Qf6 (19... Qd4 $1 $11) 20. Qd2 $2 (20. f3 $1 $16 {[%cal Rf3g4] is necessary to keep the advantage.} Qxg5 21. hxg5) 20... Ne5 $17 21. Nd6+ Kf8 {[%emt 0:01:38] Strongly threatening ...Nf3+.} 22. f4 Rg8 $2 (22... Nc6 $17 {keeps the pressure on.} 23. e5 Qg6) 23. Kh2 $2 {[%emt 0:00:28][%mdl 8192] White is much more active.} (23. fxe5 $16 {is forced if you want to stay better. Intending Qh6+ and mate.} Rxg3+ 24. Kh1 Qxh4+ 25. Qh2 Qxh2+ 26. Kxh2) 23... Ng4+ $19 24. Kh3 Qg6 $4 (24... a5 $19 {Hoping for ...Kg7.} 25. Kg2 Rg7) 25. f5 $18 exf5 26. Rxf5 {[%emt 0:00:31] Dancing on a razor blade.} Nh6 $2 {[%emt 0:00:30] [#]} (26... f6) 27. Rg5 $2 ({Only move:} 27. Qxh6+ $1 $18 Ke7 28. Rxf7+ Kd8 29. Rf8+ Kc7 30. Qxg6 Rxg6 31. Rd1) 27... Qe6+ $14 28. Kg2 {[%emt 0:01:13] aiming for Rf1.} Rxg5 ({Better is} 28... b6 $14) 29. hxg5 $16 Ng4 {[%emt 0:00:08] [#] And now ...b5 would win.} 30. Rf1 $1 Ne5 (30... b5 $16) 31. Qb2 $2 (31. Rf6 Qe7 32. Qd5) 31... b5 $2 (31... Kg8) 32. Rf5 $18 {[%emt 0:01:24][%mdl 64] Deflection} Ng6 33. Rxf7+ Qxf7 34. Nxf7 {[%emt 0:00:05] Qf6 would kill now.} Kxf7 35. Qf6+ {[%emt 0:00:06][%mdl 64] Deflection. White mates.} Ke8 36. Qxg6+ {[%emt 0:00:03] KQ-KRB} Kd8 37. Qb6+ Ke7 38. Qf6+ Ke8 39. g6 Bb7 40. g7 Bxe4+ 41. Kh2 Bd5 42. Qf8# {[%emt 0:00:06] Weighted Error Value: White=0.75/Black=0.95} 1-0

[Event "44th Chess Olympiad Women 2022"]
[Site "Chennai"]
[Date "2022.08.09"]
[Round "11.31"]
[White "Tuominen, Tanja"]
[Black "Junior, Ednasia"]
[Result "1/2-1/2"]
[ECO "B22"]
[WhiteElo "2080"]
[BlackElo "1849"]
[Annotator "NA RC"]
[PlyCount "91"]
[EventDate "2022.07.29"]
[EventType "team-tourn"]
[EventCountry "IND"]
[SourceTitle "playchess.com"]
[Source "ChessBase"]
[SourceQuality "1"]
[WhiteTeam "Finland"]
[BlackTeam "Angola"]
[WhiteTeamCountry "FIN"]
[BlackTeamCountry "ANG"]
[TimeControl "40/5400+30:1800+30"]

1. e4 c5 2. c3 d6 3. d4 cxd4 4. cxd4 g6 5. Nc3 Bg7 6. Nf3 Nf6 7. Bc4 O-O 8. O-O a6 9. a4 Nc6 10. h3 b6 11. Be3 e6 12. Bg5 h6 13. Bh4 g5 14. Bg3 Nh5 15. Bh2 Nf4 16. Bxf4 gxf4 17. Ne2 Qf6 18. Qc1 Bb7 19. Ba2 Rac8 20. Qd2 e5 21. Rfe1 a5 22. Bb1 Kh8 23. Ra3 exd4 24. Qxf4 Qxf4 25. Nxf4 Ne5 26. Nh5 Rc4 27. Nxg7 Nxf3+ 28. Rxf3 Kxg7 29. b3 Rc3 30. Rd3 Rxd3 31. Bxd3 Rc8 32. Bc4 Re8 33. Kf1 Rxe4 34. Rd1 Kf6 35. Be2 Ke5 36. Bd3 Rf4 37. Re1+ Kf6 38. Re8 Bd5 39. Rb8 Bxb3 40. Rxb6 Bxa4 41. g3 Rf3 42. Ke2 Bd1+ 43. Kd2 Ba4 44. Ke2 Bd1+ 45. Kd2 Ba4 46. Ke2 1/2-1/2

[Event "44th Chess Olympiad Women 2022"]
[Site "Chennai"]
[Date "2022.08.09"]
[Round "11.31"]
[White "Caxita, Esperanca"]
[Black "Nazarova, Anastasia"]
[Result "0-1"]
[ECO "B13"]
[WhiteElo "1955"]
[BlackElo "2208"]
[Annotator "RC"]
[PlyCount "76"]
[EventDate "2022.07.29"]
[EventType "team-tourn"]
[EventCountry "IND"]
[SourceTitle "playchess.com"]
[Source "ChessBase"]
[SourceQuality "1"]
[WhiteTeam "Angola"]
[BlackTeam "Finland"]
[WhiteTeamCountry "ANG"]
[BlackTeamCountry "FIN"]
[TimeControl "40/5400+30:1800+30"]

1. e4 c6 2. d4 d5 3. exd5 cxd5 4. Bd3 Nc6 5. c3 Nf6 6. Nf3 Bg4 7. Nbd2 e6 8. Nf1 Bd6 9. Bg5 h6 10. Bh4 g5 11. Bg3 Ne4 12. Ne3 Bh5 13. Qb3 Rb8 14. Bxe4 dxe4 15. Nd2 Bg6 16. Bxd6 Qxd6 17. Ndc4 Qd8 18. a4 O-O 19. O-O-O Na5 20. Nxa5 Qxa5 21. Nc4 Qd5 22. Qb5 Rfd8 23. Ne5 Bh7 24. h4 Qa2 25. Nd7 Rxd7 26. Qxd7 e3 27. fxe3 Qb1+ 28. Kd2 Qd3+ 29. Ke1 Qxe3+ 30. Kf1 Bd3+ 31. Rxd3 Qxd3+ 32. Kf2 Qd2+ 33. Kf3 g4+ 34. Kg3 Qe3+ 35. Kxg4 h5+ 36. Kxh5 Qg3 37. Qxf7+ Kxf7 38. Rf1+ Kg7 0-1

[Event "44th Chess Olympiad Women 2022"]
[Site "Chennai"]
[Date "2022.08.09"]
[Round "11.31"]
[White "Norlamo, Sarabella"]
[Black "Paulo, Jemima"]
[Result "1/2-1/2"]
[ECO "E73"]
[WhiteElo "1925"]
[BlackElo "1850"]
[Annotator "TA"]
[PlyCount "80"]
[EventDate "2022.07.29"]
[EventType "team-tourn"]
[EventCountry "IND"]
[SourceTitle "playchess.com"]
[Source "ChessBase"]
[SourceQuality "1"]
[WhiteTeam "Finland"]
[BlackTeam "Angola"]
[WhiteTeamCountry "FIN"]
[BlackTeamCountry "ANG"]
[TimeControl "40/5400+30:1800+30"]

1. d4 Nf6 2. c4 g6 3. Nc3 Bg7 4. e4 d6 5. Be2 O-O 6. Be3 e5 7. d5 Nbd7 8. g4 Nc5 {[%emt 0:00:55] E73: King's Indian: Averbakh Variation without 6...c5.} 9. f3 a5 {[%emt 0:00:15] 9...h5 is more fashionable.} 10. h4 h5 {[%emt 0:00:44] White is slightly better.} 11. g5 Nfd7 12. Nh3 Nb6 13. Qd2 Bxh3 14. Rxh3 {[%emt 0:00:06] [#]} Nbd7 $146 ({Predecessor:} 14... Qd7 15. Rg3 Nba4 16. Nb5 c6 17. Nc3 Nxc3 18. Qxc3 cxd5 19. cxd5 Rfc8 20. Qd2 Qa4 {1-0 (41) Ganguly,S (2635)-Mohammad Fahad,R (2319) Chess.com INT 2020}) 15. b3 Na6 16. Na4 Ndc5 17. Qxa5 (17. Nxc5 $14 Nxc5 18. O-O-O) 17... Qd7 18. Rh2 Nxa4 19. Qxa4 c6 (19... Qxa4 $14 20. bxa4 Nb4) 20. Qa5 $16 Rfc8 (20... Nc5 $142 21. Qb4 f6) 21. Qd2 {[%emt 0:03:03] White is more active.} Qc7 22. Rd1 c5 23. Bd3 (23. Bf1 $18) 23... Nb4 24. Bb1 Rf8 25. Qg2 Qe7 (25... b5 $142) 26. Kf1 f6 27. Kg1 Rf7 28. Rf1 fxg5 29. hxg5 Qd7 30. Qh3 (30. Qe2 $16) 30... Qxh3 $11 {[%emt 0:00:09] The position is equal.} 31. Rxh3 Nxa2 32. Bxa2 Rxa2 33. Rh2 {[%emt 0:00:31] Inhibits Rb2.} Ra3 34. Rb2 b5 35. cxb5 Rb7 36. Rfb1 Rxb5 {[%emt 0:00:08] aiming for ...c4.} 37. Kf2 Bf8 38. Bd2 Be7 39. Ke2 Kf7 40. Kd3 Rb8 {[%emt 0:00:33] Black defended with fortune.  Weighted Error Value: White=0.13 (very precise) /Black=0.13 (very precise)} 1/2-1/2

[Event "44th Chess Olympiad Women 2022"]
[Site "Chennai"]
[Date "2022.08.09"]
[Round "11.31"]
[White "Pires, Luzia"]
[Black "Puuska, Heini"]
[Result "1/2-1/2"]
[ECO "B13"]
[WhiteElo "1842"]
[BlackElo "2010"]
[Annotator "TA"]
[PlyCount "158"]
[EventDate "2022.07.29"]
[EventType "team-tourn"]
[EventCountry "IND"]
[SourceTitle "playchess.com"]
[Source "ChessBase"]
[SourceQuality "1"]
[WhiteTeam "Angola"]
[BlackTeam "Finland"]
[WhiteTeamCountry "ANG"]
[BlackTeamCountry "FIN"]
[TimeControl "40/5400+30:1800+30"]

1. d4 d5 2. Nf3 c5 3. e3 cxd4 4. exd4 Nc6 5. a3 Bg4 6. Be2 {[%emt 0:00:26] B13: Caro-Kann: Exchange Variation and Panov-Botvinnik Attack.} e6 7. O-O Bd6 {[%emt 0:01:26] [#]} 8. Nbd2 $146 ({Predecessor:} 8. c3 Qc7 9. Nbd2 Nf6 10. Re1 O-O 11. h3 Bf5 12. Nf1 h6 13. Ne3 Be4 14. Bd3 {½-½ (48) Socko,M (2440)-Peng,Z (2459) Germany 1999}) 8... Nge7 9. b3 O-O 10. Bb2 Rc8 11. h3 Bh5 12. Nh4 Bxe2 13. Qxe2 Bb8 14. Rfd1 Qc7 15. Nf1 {[%emt 0:00:41] Against Qh2+} Rfd8 16. Rac1 a6 17. c4 Qf4 18. Nf3 Nf5 19. g3 Qh6 20. Kg2 Na5 21. Rc3 dxc4 22. bxc4 Ba7 23. d5 exd5 (23... Nd6 $11) 24. cxd5 $16 Rxc3 $2 (24... Nd6 $14) 25. Bxc3 $18 Bb6 26. Re1 Nd6 {[%emt 0:02:42] Inhibits Qe8+.} 27. N1d2 {[%emt 0:01:04][%cal Bf1d2,Bd2e4,Be4g5][%mdl 32] Prevents Nac4. Strongly threatening Qe7.} Qh5 28. Qd3 Qf5 29. Ne4 $1 Nac4 30. Nh4 ({Only move:} 30. g4 $18 Qd7 31. Nfg5 (31. Neg5 g6 $16) (31. Nxd6 Nxd6 32. Ng5 g6 $18)) 30... Qc8 (30... Qh5 $2 31. Bf6 $1 Ne5 32. Qb3 Bxf2 33. g4 (33. Bxd8 Bxe1 34. g4 Nxg4 $11) 33... Nxg4 34. hxg4 (34. Bxd8 Bxe1 35. Nxd6 Bxh4 $11) 34... Qxg4+ 35. Kxf2 $18) (30... Qd7 $16) 31. Ng5 g6 32. Ba1 {[%emt 0:06:21] Qf3 is the strong threat.} Qc5 33. Qf3 {[%emt 0:10:12] And now Re2 would win.} (33. Qc3 $2 Qxf2+ 34. Kh1 Bd4 $1 35. Qxd4 Qxe1+ $19) 33... Qxf2+ (33... h6 $2 34. Re2 $1 Qxa3 35. Qf6 Qxa1 36. Qxa1 $18) (33... Nxa3 $142 34. Re2 (34. Qf6 Qxf2+ 35. Qxf2 Bxf2 $16) 34... Nc2) 34. Qxf2 Bxf2 35. Kxf2 Nxa3 36. Re2 h6 $2 (36... Nab5 {is a better defense.} 37. Ng2 a5) 37. Ne4 Nxe4+ 38. Rxe4 {[%emt 0:00:06] aiming for Bf6.} Kf8 39. Bc3 $2 (39. Bf6 $18 {and the rest is easy.} Rd7 40. Nf3) 39... Nb5 $16 40. Bb4+ Kg7 41. d6 ({White should play} 41. Re7 $16) 41... b6 $14 42. Re5 Nxd6 43. Nf3 Nb5 44. Re7 a5 45. Bd2 Kf6 (45... Nd6 $16) 46. Rb7 $18 Rd6 47. Bxh6 a4 48. Bg5+ (48. Bf4 $18 Rc6 49. Ne5) 48... Ke6 $16 49. Rb8 Nc3 $2 {[%emt 0:02:01] [#]} (49... Rc6 $14) 50. Bf4 $1 $18 Rd1 51. Rxb6+ Kd5 52. Be5 Ne4+ 53. Ke2 Rc1 54. Rb5+ Kc4 55. Rb7 a3 56. Nd2+ (56. Rxf7 $18 {is more deadly.} Kb5 57. Ra7) 56... Kd5 $16 57. Rb5+ Nc5 $2 {[%emt 0:01:37] [#]} (57... Rc5 58. Rxc5+ Nxc5) 58. Nb3 $1 $18 Rc4 (58... Rc2+ 59. Kd1) 59. Rxc5+ $2 (59. Bg7 $18 Rc2+ 60. Ke3) 59... Rxc5 $11 {[%emt 0:00:08] The position is equal.} 60. Nxc5 Kxe5 $18 {[%emt 0:00:49][%mdl 4096] Endgame KN-K3P} 61. Nb3 Ke4 62. Na1 g5 63. Kf2 f5 64. Nb3 a2 65. Na1 Kd3 66. h4 gxh4 67. gxh4 $11 {[%emt 0:00:09] KN-KPP} Kc3 {[%emt 0:00:22] ( -> ...Kb2)} 68. h5 {[%emt 0:00:57] White wants to mate with Ke1.} Kb2 69. h6 {[%emt 0:00:12] Threatening mate with h7.} Kxa1 {[%emt 0:00:08] KPP-KP} 70. h7 Kb1 71. h8=Q {[%emt 0:00:21] Qb8+ would kill now.} a1=Q {[%emt 0:00:15] KQ-KQ} 72. Qh1+ Ka2 73. Qd5+ Kb2 74. Qb5+ Kc2 75. Qxf5+ Kb3 76. Qb5+ Kc2 77. Qe2+ Kb3 78. Qb5+ Kc2 79. Qc4+ Qc3 {[%emt 0:00:28] Black escapes into a draw.  Weighted Error Value: White=0.34/Black=0.34} 1/2-1/2

[Event "44th Chess Olympiad Women 2022"]
[Site "Chennai"]
[Date "2022.08.09"]
[Round "11.32"]
[White "Guindy, Esmat Susanne"]
[Black "Shaba, Linda Dalitso"]
[Result "1-0"]
[ECO "A96"]
[WhiteElo "2097"]
[BlackElo "1658"]
[Annotator "NA RC"]
[PlyCount "130"]
[EventDate "2022.07.29"]
[EventType "team-tourn"]
[EventCountry "IND"]
[SourceTitle "playchess.com"]
[Source "ChessBase"]
[SourceQuality "1"]
[WhiteTeam "Denmark"]
[BlackTeam "Zimbabwe"]
[WhiteTeamCountry "DEN"]
[BlackTeamCountry "ZIM"]
[TimeControl "40/5400+30:1800+30"]

1. d4 e6 2. c4 f5 3. g3 Nf6 4. Bg2 Be7 5. Nf3 O-O 6. O-O d6 7. b3 Nc6 8. Bb2 Qe8 9. d5 exd5 10. cxd5 Nb4 11. Nc3 Qf7 12. Nd4 Nfxd5 13. Nxd5 Nxd5 14. Nxf5 Qxf5 15. Qxd5+ Qxd5 16. Bxd5+ Kh8 17. Bg2 Bf6 18. Rab1 c6 19. e4 Be6 20. Rfd1 Rad8 21. Bxf6 gxf6 22. Rb2 f5 23. Rbd2 fxe4 24. Rxd6 Rxd6 25. Rxd6 Bf5 26. h3 Rf7 27. g4 Bg6 28. Re6 Rd7 29. Bxe4 Bf7 30. Re5 Kg7 31. g5 Bg6 32. h4 Rd4 33. Bxg6 Kxg6 34. Re6+ Kf7 35. Rh6 Kg7 36. Kg2 Rd2 37. Re6 Kf7 38. Rf6+ Kg7 39. a4 Rd4 40. Kg3 Rb4 41. Rf3 Kg6 42. Rd3 Kf5 43. f3 Kg6 44. f4 Kf5 45. Rf3 Rb6 46. Rc3 Rb4 47. h5 b6 48. Rxc6 Rxb3+ 49. Kh4 Kxf4 50. g6 hxg6 51. hxg6 Rb1 52. Rf6+ Ke5 53. Rf7 Rg1 54. Kh5 Rh1+ 55. Kg5 a6 56. Rf5+ Kd6 57. Kf6 Rg1 58. g7 Rxg7 59. Kxg7 Kc6 60. Kf6 b5 61. axb5+ axb5 62. Ke5 Kc5 63. Rf8 Kc4 64. Ke4 Kc3 65. Rc8+ Kb3 1-0